 Dungeon Crawl Stone Soup version 0.27-a0-34-gc18c9092ac (webtiles) character file.

Game seed: 15666067989692494323

162 Alarkh the Sneak (level 5, 42/42 HPs)
             Began as a Demonspawn Delver on Jan 4, 2021.
             Got out of the dungeon alive.
             The game lasted 00:02:24 (2134 turns).

Alarkh the Sneak (Demonspawn Delver)                Turns: 2134, Time: 00:02:24

Health: 42/42      AC:  3    Str: 12    XL:     5   Next: 19%
Magic:  5/5        EV: 12    Int: 12    God:
Gold:   152        SH:  0    Dex: 15    Spells: 4/4 levels left

rFire    . . .     SeeInvis .     - Unarmed
rCold    . . .     Faith    .   (no shield)
rNeg     . . .     Spirit   +   a - +0 leather armour
rPois    .         Reflect  .   (no helmet)
rElec    .         Harm     .   (no cloak)
rCorr    .         Rampage  .   (no gloves)
Will     .....                  (no boots)
Stlth    +++.......             (no amulet)
HPRegen  0.14/turn              (no ring)
MPRegen  0.09/turn              (no ring)

@: no status effects
A: magic shield, miasma immunity, sturdy frame 1
a: no special abilities


You escaped.
You visited 2 branches of the dungeon, and saw 6 of its levels.

You collected 152 gold pieces.

Inventory:

Armour
 a - a +0 leather armour (worn)
Jewellery
 n - a cursed -4 ring of protection {unknown}
Wands
 e - a wand of random effects (17)
 f - a wand of digging (3)
 g - a wand of polymorph (8)
Scrolls
 b - a scroll of fog
 c - a scroll of magic mapping
 d - a scroll of fear
 h - 2 scrolls of identify {unknown}
 i - 5 scrolls of remove curse {unknown}
 k - a scroll of teleportation {unknown}
 l - a scroll of enchant weapon {unknown}
 q - 2 scrolls of random uselessness {unknown}
Potions
 j - 3 potions of invisibility {unknown}
 m - a potion of brilliance {unknown}
 o - 2 potions of might {unknown}
 p - a potion of curing {unknown}


   Skills:
 + Level 4.1 Fighting
 - Level 1.7 Dodging
 - Level 4.5 Stealth
 * Level 4.2 Unarmed Combat


You had 4 spell levels left.
You didn't know any spells.
Your spell library contained the following spells:

 Spells                   Type           Power        Failure   Level
 Confusing Touch          Hex            0%           71%         3
 Gell's Gravitas          Tloc           0%           71%         3
 Petrify                  Tmut/Erth      0%           98%         4
 Metabolic Englaciation   Hex/Ice        0%           100%        5
 Yara's Violent Unravell  Hex/Tmut       0%           100%        5


Dungeon Overview and Level Annotations

Branches:
Dungeon (5/15)             Temple (1/1) D:4

Altars:
Ashenzari
Elyvilon
Fedhas
Gozag
Kikubaaqudgha
Makhleb
Ru
Trog
Vehumet
Wu Jian
Xom
The Shining One

Shops:
D:4 *


Innate Abilities, Weirdness & Mutations

When hurt, damage is shared between your health and your magic reserves.
You are immune to miasma.
Your movements are slightly less encumbered by armour. (ER -2)


Message History

No target in view!
No target in view!
You see here a +0 club.
Done exploring.
Done exploring.
Done exploring.
No target in view!
Done exploring.
(D) Dungeon (T) Temple
Where to? (Enter - D:1, ? - help)
Okay, then.
You enter the shallow water.
Moving in this stuff is going to be slow.
You enter the shallow water.
Moving in this stuff is going to be slow.
You enter the shallow water.
Moving in this stuff is going to be slow.
There is a staircase leading out of the dungeon here.
Are you sure you want to leave the Dungeon?
This will make you lose the game!
You have escaped!

#..........#
#.###.###.####
#...####.#####.# #..##.#
#...####.#.#.#.####.##.#
# #.......#.#.#.#.#
#..#.# #
#######.#.#.#.#.##
##.#.# ♣♣
#........#.#.#.#.# #.#.#
P♣ #.#######.≈≈≈≈≈.##
#.#.# P♣ #.# #.#≈...≈#.#
#...# P♣ #.# ##.≈@..≈.##
##..# ≈♣♣♣♣♣.#
#.#≈...≈#.#####..#
≈PP≈♣≈.#
##.≈≈≈≈≈.#.......#
≈.≈≈...#
#.#.#.#.#..#####.#
≈P≈♣≈≈##
##.#.#.#.#.#####.##
P♣♣♣♣♣#
#.#.#.#.#..##≈##[.# ≈♣
##.#.#.#.#.#≈≈♣##.## ♣♣
#########.P≈≈≈≈#..# P♣
#...♣≈≈≈♣##.##


There were no monsters in sight!

Vanquished Creatures
  Ijyb (D:4)
  A worker ant (D:4)
  2 hound skeletons
  6 adders
  An ooze (D:1)
  A worm (D:2)
  A dart slug (D:2)
  A leopard gecko (D:1)
  A giant cockroach (D:2)
  4 hobgoblins
  4 jackals (D:1)
  3 bats (D:2)
  3 frilled lizards
  A goblin (D:2)
  A kobold (D:1)
  2 rats (D:1)
33 creatures vanquished.

Vanquished Creatures (others)
  A plant (D:1)
1 creature vanquished.

Grand Total: 34 creatures vanquished

Notes
Turn   | Place    | Note
-------+----------+-------------------------------------------
     0 | D:5      | Alarkh the Demonspawn Delver began the quest for the Orb.
     0 | D:5      | Reached XP level 1. HP: 18/18 MP: 1/1
    40 | D:5      | Found a radiant altar of Vehumet.
    85 | D:5      | Gained mutation: When hurt, damage is shared between your
                  | health and your magic reserves. [demonic ancestry]
    85 | D:5      | Reached XP level 2. HP: 14/24 MP: 2/2
   274 | D:5      | Noticed an ogre
   295 | D:3      | Reached XP level 3. HP: 9/29 MP: 1/3
   297 | D:3      | Found a bloodstained altar of Trog.
   712 | D:4      | Found a burning altar of Makhleb.
   748 | D:4      | Found a staircase to the Ecumenical Temple.
   752 | Temple   | Entered the Ecumenical Temple
   883 | D:4      | Noticed Ijyb
   917 | D:4      | Killed Ijyb
   918 | D:4      | Gained mutation: Your movements are slightly less
                  | encumbered by armour. (ER -2) [demonic ancestry]
   918 | D:4      | Reached XP level 4. HP: 27/37 MP: 2/4
  1125 | D:4      | Found Cugher's General Store.
  1292 | D:2      | Gained mutation: You are immune to miasma. [demonic
                  | ancestry]
  1292 | D:2      | Reached XP level 5. HP: 35/42 MP: 3/5
  2134 | D:$      | Got out of the dungeon alive.

Illustrated notes

Levels and vault maps discovered:
D:1:      ncdulo_watergridlock, layout_basic, serial_bayou,
          serial_bayou_lagoon_a, serial_bayou_shore_a, serial_bayou_pond_b,
          serial_bayou_crossing, serial_bayou_pond_d, serial_bayou_ford_a
D:2:      minmay_door_path, layout_basic, lemuel_blue_sif_altar,
          kennysheep_potato
D:3:      layout_loops_cross, nicolae_overflow_hidden_temple,
          eat_drink_and_be_merry_uskayaw, lemuel_round_altar
D:4:      layout_basic, kennysheep_mini, minmay_temple_entry_grid, serial_shops,
          nicolae_shop_stone, nicolae_shop_stone, shop_statue,
          nicolae_shop_stone, uniq_ijyb
D:5:      layout_basic, kennysheep_little_box, lemuel_doored_altar,
          kennysheep_another_room, hex_large, minmay_starry_boxes
Temple:   nicolae_temple_figure_zero

Skill      XL: |  1  2  3  4 |
---------------+-------------+-----
Unarmed Combat | 2 3 4 |  4.2
Fighting       | 4 |  4.1
Dodging        | |  1.7
Stealth        | |  4.5

Action                   |  1- 3 |  4- 6 || total
-------------------------+-------+-------++-------
Melee: Unarmed           |    69 |   105 ||   174
       Punch             |     1 |       ||     1
  Use: Potion            |     1 |       ||     1
 Stab: Sleeping          |     1 |     5 ||     6
Armor: Leather armour    |    16 |    26 ||    42
Dodge: Dodged            |    37 |    63 ||   100

Table legend: (Time is in decaauts)
 A = Elapsed time spent in this place.
 B = Non-inter-level travel time spent in this place.
 C = Inter-level travel time spent in this place.
 D = Time resting spent in this place.
 E = Time spent auto-exploring this place.
 F = Levels seen in this place.
 G = Mean time per level.
                   A        B        C        D        E       F      G
               +--------+--------+--------+--------+--------+-----+--------+
         Total |   2137 |   2073 |     64 |    469 |   1290 |   6 |  356.2 |
       Dungeon |   2020 |   1966 |     54 |    469 |   1183 |   5 |  404.0 |
        Temple |    117 |    107 |     10 |      0 |    107 |   1 |  117.0 |
               +--------+--------+--------+--------+--------+-----+--------+

Top non-repeatable levels by time:
     D:1: 810 daAuts
     D:4: 426 daAuts
     D:3: 299 daAuts
     D:5: 280 daAuts
     D:2: 203 daAuts
  Temple: 117 daAuts
